 Dungeon Crawl Stone Soup version 0.19-a0-1007-g133f65f (webtiles) character file.

12005 4thArraOfDagon the Grappler (level 11, -9/104 HPs)
             Began as a Troll Abyssal Knight on July 19, 2016.
             Was an Elder of Lugonu.
             Mangled by a cyan very ugly thing (25 damage)
             ... summoned by Lugonu's corruption
             ... on level 1 of the Orcish Mines.
             The game lasted 00:24:54 (4688 turns).

4thArraOfDagon the Grappler (Troll Abyssal Knight)  Turns: 4688, Time: 00:24:55

Health: -9/104     AC:  7    Str: 20    XL:     11   Next: 56%
Magic:  9/16       EV: 13    Int: 11    God:    Lugonu [****..]
Gold:   462        SH:  0    Dex:  9    Spells: 2 memorised, 7 levels left

rFire  . . .     SeeInvis +       - Unarmed
rCold  + . .     Gourm    +     a - +0 robe
rNeg   . . .     Faith    +     (no shield)
rPois  .         Spirit   .     (helmet restricted)
rElec  .         Dismiss  .     C - +2 cloak
rCorr  .         Reflect  .     (gloves unavailable)
SustAt .         Harm     .     (boots unavailable)
MR     .....     Rnd*Rage +     D - amulet of faith
Stlth  +.........               O - ring "Nunisy" {+Fly SInv}
                                N - -2 ring of strength (curse)

@: about to teleport, not resistant to hostile enchantments, very unstealthy
A: unfitting armour, claws 3, talons 1, berserk 1, cold resistance 1, deformed
body, fast metabolism 3, gourmand, regeneration 2, shaggy fur 1, tough skin 2
a: Depart the Abyss, Bend Space, Banish, Corrupt, Renounce Religion, Evoke
Flight


You were on level 1 of the Orcish Mines.
You worshipped Lugonu.
Lugonu was greatly pleased with you.
You were very full.

You visited 2 branches of the dungeon, and saw 16 of its levels.
You visited the Abyss 1 time.
You also visited: Ossuary.

You collected 462 gold pieces.

Inventory:

Hand Weapons
 d - a +0 giant spiked club
 r - the +9 flail of Dried Tears {drain, Fragile rC++ rN+, unknown}
   (You found it on level 14 of the Dungeon)

   A truly terrible weapon, it drains the life of those it strikes.
   It greatly protects you from cold.
   It protects you from negative energy.
   It will be destroyed if unequipped.
Armour
 a - a +0 robe (worn)
 e - a +0 cloak
 p - a +0 cloak
 C - a +2 cloak (worn)
Magical Staves
 M - an uncursed staff of conjuration {unknown}
Jewellery
 o - an uncursed ring of protection from cold
 D - an amulet of faith (around neck)
 E - an uncursed amulet of rage {unknown}
 G - an uncursed ring of see invisible
 N - a cursed -2 ring of strength (left claw)
 O - the ring "Nunisy" (right claw) {+Fly SInv}
   (You found it on level 12 of the Dungeon)

   [ring of see invisible]

   It lets you see invisible.
   It lets you fly.
Wands
 n - a wand of random effects (15/48)
 w - a wand of digging (11/24)
 y - a wand of flame (0/48)
 z - a wand of iceblast (3/15)
 H - a wand of lightning (4/15)
 J - a wand of teleportation (1/9)
Scrolls
 h - 2 scrolls of holy word
 i - 2 scrolls of fear
 s - a scroll of immolation
 t - 2 scrolls of teleportation
Potions
 c - a potion of magic {unknown}
 g - 3 potions of curing
 j - 4 potions of resistance {unknown}
 k - 2 potions of lignification
 l - 3 potions of mutation {unknown}
 m - 2 potions of flight
 u - a potion of brilliance
 x - a potion of agility
 A - a potion of heal wounds {unknown}
 B - a potion of cancellation {unknown}
Books
 f - a book of Air

   Spells                             Type                      Level
   a - Shock                          Conjuration/Air              1
   b - Swiftness                      Charms/Air                   2
   c - Repel Missiles                 Charms/Air                   2
   d - Static Discharge               Conjuration/Air              3
   e - Lightning Bolt                 Conjuration/Air              5
Comestibles
 b - 7 bread rations
 q - 4 meat rations
 F - 9 slices of pizza


   Skills:
 + Level 5.3 Fighting
 + Level 7.7 Dodging
 * Level 12.4 Unarmed Combat
 + Level 8.3 Invocations


You had 7 spell levels left.
You knew the following spells:

 Your Spells              Type           Power        Failure   Level  Hunger
a - Repel Missiles        Chrm/Air       #.....       56%         2    ###....
b - Confusing Touch       Hex            #.....       34%         1    ##.....


Dungeon Overview and Level Annotations

Branches:
Dungeon (15/15)            Temple (0/1) D:7            Lair (0/6) D:10
    Orc (1/2) D:11         Vaults (0/5) D:13         Depths (0/5) D:15

Altars:
Dithmenos
Pakellas
Ru
Yredelemnul

Shops:
D:15 =

Annotations:
Orc:1 corrupted


Innate Abilities, Weirdness & Mutations

You are too large for most types of armour.
You have claws for hands.
Your metabolism is lightning-fast.
You like to eat raw meat.
You heal very quickly.
You are covered in fur. (AC +1)
You have very tough skin. (AC +2)
You have sharp toenails.
You tend to lose your temper in combat.
Your flesh is cold resistant. (rC+)
Armour fits poorly on your strangely shaped body.


Message History

The orc warrior hits the small abomination with a broad axe.
The orc warrior hits the silent spectre with a broad axe!
The silent spectre is destroyed!
The orc warrior hits you with a broad axe!
The large abomination hits the orc knight!
Unknown command.
Unknown command.
You scratch the orc warrior. Your kick misses the orc warrior.
The orc warrior is almost dead.
The flying skull hits the orc knight.
The wraith misses you.
A tentacle flies out from the starspawn's body!
The large abomination hits you!
* * * LOW HITPOINT WARNING * * *
The worldbinder hits the orc knight but does no damage.
The worldbinder hits the orc knight.
The small abomination hits the orc warrior.
The cyan very ugly thing engulfs you!
* * * LOW HITPOINT WARNING * * *
The cyan very ugly thing shocks you!!
You die...

...#.#.#....#..
#...#......$..
...#.R..o#...# .
.......x##..#..
#..h#h....#$.#
...#X2.h#Gh.# #.
##wo#xX.Z.#
#..#X#o5D##.#
.#.5W@ooxh3.4.#
#.5..u#X#z35#.5X
...###XE#55.##$.u
. #..pp#.3#.$o
##$#.3##FX.. ##
......#. ..$....
#.$


You could see an orc knight, 2 orc warriors, a neutral bone dragon, a neutral
cyan very ugly thing (wandering), a neutral tentacled starspawn, a neutral giant
orange brain, 5 neutral large abominations, a neutral necromancer, a neutral
worldbinder, a neutral sixfirhy, a neutral smoke demon, 4 neutral raiju, a
neutral blink frog, 2 neutral ynoxinuls, a neutral chaos spawn, a neutral
wraith, a neutral small abomination, a neutral starspawn tentacle, a neutral
flying skull, a neutral crimson imp, 2 neutral white imps, 3 neutral ufetubi and
a neutral anaconda skeleton.

Vanquished Creatures
  An ogre mage (D:15)
  An unseen horror (D:14)
  A hill giant (D:14)
  2 deep elf magi
  2 gargoyles
  3 centaur skeletons
  Prince Ribbit (D:6)
  2 two-headed ogres
  A wraith (D:8)
  2 wyverns
  A human (D:14)
  The ghost of HAL9000 the Ruffian, an amateur DrTm (D:4)
  Edmund (D:5)
  A warg (D:11)
  A porcupine (shapeshifter) (D:15)
  4 orc warriors
  15 ogres
  A phantom (D:5)
  4 boggarts (D:15)
  2 necrophages
  A crocodile (D:14)
  6 centaurs
  3 giant frogs
  2 wyvern skeletons
  A wyvern zombie (D:6)
  A scorpion (D:4)
  12 killer bees
  A troll zombie (D:8)
  3 wights
  2 crimson imps
  A centaur zombie (Ossuary)
  7 human zombies
  A hound (D:12)
  Crazy Yiuf (D:6)
  A giant frog skeleton (D:11)
  4 giant frog zombies
  4 orc priests
  4 jellies
  6 orc wizards
  2 human skeletons (D:8)
  A worker ant (D:4)
  A hound zombie (D:11)
  4 mummies
  6 adders
  4 gnolls
  A shadow imp (D:5)
  4 adder zombies (Ossuary)
  A worm (D:2)
  A dart slug (D:2)
  42 orcs
  A bat (D:1)
  A giant cockroach (D:2)
  3 goblins
  4 hobgoblins
  2 jackals (D:4)
  6 kobolds
  5 quokkas
  A giant gecko skeleton (D:6)
  A giant newt (D:1)
  3 goblin zombies
  7 hobgoblin zombies (Ossuary)
  A jackal zombie (Ossuary)
  7 kobold zombies (Ossuary)
  9 orc zombies
  A rat zombie (Ossuary)
  A fungus (D:6)
228 creatures vanquished.

Vanquished Creatures (others)
  A deep elf mage (D:13)
  2 ugly things
  A wolf spider (D:15)
  An efreet (D:14)
  A tengu conjurer (D:15)
  2 trolls
  An orc warrior (Orc:1)
  A big kobold (D:12)
  A crocodile (D:4)
  A killer bee (D:12)
  An orc wizard (Orc:1)
  3 orc priests (Orc:1)
  7 orcs (Orc:1)
23 creatures vanquished.

Grand Total: 251 creatures vanquished

Notes
Turn   | Place    | Note
-------+----------+-------------------------------------------
     0 | Abyss:1  | 4thArraOfDagon the Troll Abyssal Knight began the quest for the Orb.
     0 | Abyss:1  | Reached XP level 1. HP: 22/22 MP: 1/1
    54 | Abyss:1  | Noticed a hell hog
    61 | D:1      | Escaped the Abyss
   133 | D:1      | Reached * piety under Lugonu
   206 | D:2      | Reached XP level 2. HP: 29/29 MP: 2/2
   385 | D:3      | Reached skill level 3 in Unarmed Combat
   385 | D:3      | Reached XP level 3. HP: 29/36 MP: 3/3
   449 | D:4      | Reached XP level 4. HP: 22/44 MP: 4/4
   465 | D:4      | Noticed an ogre
   521 | D:4      | Killed an ogre
   521 | D:4      | Reached skill level 4 in Unarmed Combat
   521 | D:4      | Reached XP level 5. HP: 39/50 MP: 5/5
   557 | D:4      | Noticed Edmund
   568 | D:4      | Gained mutation: You have sharp toenails. [potion of beneficial mutation]
   595 | D:4      | Noticed HAL9000's ghost (amateur DrTm)
   637 | D:4      | Found an oddly glowing altar of Pakellas.
   643 | D:5      | Entered Level 5 of the Dungeon
   643 | D:5      | Noticed a phantom
   663 | D:5      | Killed Edmund
   663 | D:5      | Reached skill level 5 in Unarmed Combat
   663 | D:5      | Reached XP level 6. HP: 29/59 MP: 7/7
   664 | D:5      | Reached ** piety under Lugonu
   827 | D:4      | Killed HAL9000's ghost
   827 | D:4      | Reached XP level 7. HP: 54/66 MP: 8/8
   899 | D:6      | Reached skill level 6 in Unarmed Combat
   955 | D:6      | Found a sacrificial altar of Ru.
  1049 | D:6      | Learned a level 2 spell: Repel Missiles
  1101 | D:6      | Found a sand-covered staircase.
  1110 | Ossuary  | Entered an ossuary
  1182 | Ossuary  | Reached XP level 8. HP: 58/74 MP: 10/10
  1186 | Ossuary  | Reached *** piety under Lugonu
  1197 | Ossuary  | Reached skill level 7 in Unarmed Combat
  1458 | D:6      | Noticed Prince Ribbit
  1475 | D:6      | Killed Prince Ribbit
  1475 | D:6      | Reached skill level 5 in Invocations
  1603 | D:6      | Found a runed door.
  1607 | D:6      | Noticed Crazy Yiuf
  1611 | D:6      | Killed Crazy Yiuf
  1611 | D:6      | Reached skill level 8 in Unarmed Combat
  1653 | D:7      | Found a staircase to the Ecumenical Temple.
  1812 | D:8      | Reached skill level 5 in Dodging
  1957 | D:8      | Found a basalt altar of Yredelemnul.
  1980 | D:8      | Reached XP level 9. HP: 20/80 MP: 12/12
  2066 | D:8      | Reached skill level 9 in Unarmed Combat
  2217 | D:9      | Reached **** piety under Lugonu
  2260 | D:10     | Entered Level 10 of the Dungeon
  2439 | D:10     | Found a staircase to the Lair.
  2439 | D:10     | Noticed an elephant
  2577 | D:12     | Noticed a white ugly thing
  2580 | D:12     | Banished a white ugly thing
  2626 | D:12     | Noticed a deep elf mage
  2662 | D:11     | Reached skill level 10 in Unarmed Combat
  2673 | D:13     | Found a gate to the Vaults.
  2673 | D:13     | Noticed an orc knight
  2673 | D:13     | Noticed a hill giant
  2673 | D:13     | Noticed a centaur warrior
  2673 | D:13     | Noticed a freezing wraith
  2673 | D:13     | Noticed an efreet
  2673 | D:13     | Noticed a hill giant
  2674 | D:13     | Noticed a cyclops
  2683 | D:14     | Banished an efreet
  2765 | D:14     | Noticed a gargoyle
  2788 | D:14     | Killed a gargoyle
  2788 | D:14     | Reached XP level 10. HP: 16/87 MP: 14/14
  2859 | D:14     | Noticed a hill giant
  2875 | D:14     | Banished a hill giant
  2926 | D:14     | Noticed a skeletal warrior
  2939 | D:15     | Entered Level 15 of the Dungeon
  2954 | D:15     | tstbtto: confusing touch works nicely
  2956 | D:15     | Learned a level 1 spell: Confusing Touch
  2963 | D:15     | Noticed a deep elf mage
  2978 | D:15     | Killed a deep elf mage
  3006 | D:15     | Reached skill level 11 in Unarmed Combat
  3058 | D:15     | Found Fumeod's Jewellery Shoppe.
  3079 | D:15     | Noticed an ogre mage
  3104 | D:15     | Killed an ogre mage
  3130 | D:15     | Noticed a purple ugly thing
  3169 | D:15     | Found a shadowy altar of Dithmenos.
  3228 | D:15     | Gained mutation: You tend to lose your temper in combat. [mutagenic meat]
  3231 | D:15     | Gained mutation: Armour fits poorly on your strangely shaped body. [mutagenic meat]
  3234 | D:15     | Gained mutation: Your flesh is cold resistant. (rC+) [mutagenic meat]
  3248 | D:15     | Found a staircase to the Depths.
  3248 | D:15     | Noticed a dire elephant
  3248 | D:15     | Noticed a wolf spider
  3255 | D:15     | Banished a wolf spider
  3473 | D:14     | Got a blackened flail
  3572 | D:14     | Noticed a hill giant
  3579 | D:14     | Killed a hill giant
  3622 | D:14     | Noticed an unseen horror
  3635 | D:14     | Killed an unseen horror
  3635 | D:14     | Reached XP level 11. HP: 43/100 MP: 15/15
  3675 | D:14     | Noticed a skeletal warrior
  3735 | D:13     | Noticed a deep elf mage
  3749 | D:13     | Banished a deep elf mage
  3839 | D:13     | Noticed a skeletal warrior
  3839 | D:13     | Noticed a skeletal warrior
  3880 | D:13     | Noticed a skeletal warrior
  3942 | D:12     | Reached skill level 12 in Unarmed Combat
  3993 | D:12     | Killed a deep elf mage
  4267 | D:12     | Got a pitted bone ring
  4269 | D:12     | Identified the ring "Nunisy" {+Fly SInv} (You found it on level 12 of the Dungeon)
  4270 | D:12     | :OOOOOO
  4313 | D:12     | Reached skill level 5 in Fighting
  4557 | D:11     | Found a staircase to the Orcish Mines.
  4605 | D:11     | Reached ***** piety under Lugonu
  4617 | Orc:1    | Entered Level 1 of the Orcish Mines
  4617 | Orc:1    | Noticed an orc knight
  4633 | D:11     | Noticed a red ugly thing
  4634 | D:11     | Banished a red ugly thing
  4683 | Orc:1    | Corrupted Orc:1
  4683 | Orc:1    | Noticed a death drake
  4683 | Orc:1    | Noticed a thrashing horror
  4683 | Orc:1    | Noticed a giant orange brain
  4683 | Orc:1    | Noticed a cyan very ugly thing
  4683 | Orc:1    | Noticed a bone dragon
  4683 | Orc:1    | Noticed a green very ugly thing
  4683 | Orc:1    | Noticed a large abomination
  4684 | Orc:1    | Noticed a large abomination
  4684 | Orc:1    | Noticed a tentacled starspawn
  4685 | Orc:1    | Noticed a necromancer
  4687 | Orc:1    | Noticed an ironheart preserver
  4688 | Orc:1    | Mangled by a cyan very ugly thing

Vault maps used:
D:1:      tarquinn_simple_flora_water_f
D:2:      minmay_diamond_boxcup
D:3:      kennysheep_the_goblin_king, lemuel_coloured_pillars_altar
D:4:      minivault_11, gammafunk_pakellas_statue_experiment, uniq_edmund
D:5:      gammafunk_temple_overflow_forgotten, basic_altar, first_bread,
          minmay_item_behind_shaft
D:6:      nicolae_ru_awakened_eye, nicolae_ossuary_entry_giza,
          portal_sewer_entry_e, uniq_crazy_yiuf_cottage, uniq_prince_ribbit1
D:7:      dancing_weapons_uskayaw
D:8:      kennysheep_ambush_hall, lemuel_mausoleum_altar_yredelemnul
D:9:      serial_shops, nicolae_shop_window_shopping
D:10:     david_lair_generic
D:11:     erik_orc_3, minmay_nine_imps, uniq_erica
D:12:     grunt_pizzeria
D:13:     lemuel_reptile_caves, david_vaults_3, serial_shops, shop,
          kennysheep_windowed_goal, uniq_erolcha
D:14:     corexii_leaking_fountain
D:15:     hangedman_depths_entry_try_elsewhere_first,
          nicolae_dithmenos_the_darkroom, serial_shops, nicolae_shop_trees,
          nicolae_shop_behind_doors
Ossuary:  ossuary_tomb_1

Skill      XL: |  1  2  3  4  5  6  7  8  9 10 11 |
---------------+----------------------------------+-----
Dodging        | 2 3 4 5 6 7 |  7.7
Unarmed Combat | 3 4 5 6 8 10 11 12 | 12.4
Invocations    | 2 3 4 5 6 7 8 |  8.3
Fighting       | 4 5 |  5.3

Action                   |  1- 3 |  4- 6 |  7- 9 | 10-12 || total
-------------------------+-------+-------+-------+-------++-------
Melee: Unarmed           |    66 |    81 |   365 |   283 ||   795
       Kick              |       |    12 |   100 |    73 ||   185
       Punch             |       |     1 |     9 |    14 ||    24
 Cast: Repel Missiles    |       |       |       |     1 ||     1
       Confusing Touch   |       |       |       |     1 ||     1
Invok: Depart the Abyss  |     1 |       |       |       ||     1
       Banish            |       |       |     4 |    12 ||    16
       Bend Space        |       |       |       |     1 ||     1
       Corrupt           |       |       |       |     1 ||     1
Evoke: Wand              |       |       |     7 |     7 ||    14
  Use: Scroll            |       |     2 |     4 |    12 ||    18
       Potion            |       |     1 |       |     2 ||     3
 Stab: Sleeping          |     1 |       |       |     1 ||     2
       Fleeing           |       |     1 |       |       ||     1
       Paralysed         |       |       |       |     3 ||     3
  Eat: Chunk             |     9 |     1 |    24 |    24 ||    58
       Beef jerky        |       |       |       |     2 ||     2
Armor: Robe              |    25 |    13 |    77 |    53 ||   168
Dodge: Dodged            |    27 |    21 |   151 |   168 ||   367
       Deflected         |       |       |       |     1 ||     1
